 Dungeon Crawl Stone Soup version 0.25-a0-1024-gbfbf38f2cb (webtiles) character file.

Game seed: 13949424675399180636, levelgen mode: classic

1099 Amnesiac the Vandal (level 8, 0/45 HPs)
             Began as a Deep Elf Fighter on May 12, 2020.
             Succumbed to a worker ant's poison
             ... on level 6 of the Dungeon.
             The game lasted 00:12:11 (5892 turns).

Amnesiac the Vandal (Deep Elf Fighter)              Turns: 5892, Time: 00:12:12

Health: 0/45       AC: 11    Str: 15    XL:     8   Next: 10%
Magic:  10/10      EV:  3    Int: 14    God:
Gold:   247        SH:  8    Dex: 14    Spells: 7/7 levels left

rFire    . . .     SeeInvis .   a - +2 hunting sling (flame)
rCold    . . .     Gourm    .   c - +0 kite shield
rNeg     . . .     Faith    .   t - +0 chain mail
rPois    .         Spirit   .   u - +0 helmet
rElec    .         Reflect  .   (no cloak)
rCorr    .         Harm     .   i - +0 pair of gloves
MR       .....                  (no boots)
Stlth    ..........             (no amulet)
HPRegen  0.15/turn              (no ring)
MPRegen  0.12/turn              (no ring)

@: brilliant, lethally poisoned (0 -> -3)
A: no striking features
a: no special abilities


You were on level 6 of the Dungeon.
You were not hungry.

You visited 1 branch of the dungeon, and saw 6 of its levels.

You collected 247 gold pieces.

Inventory:

Hand Weapons
 a - a +2 hunting sling of flaming (weapon)
 b - a +0 rapier
Missiles
 e - 77 stones (quivered)
 h - 4 poisoned darts
Armour
 c - a +0 kite shield (worn)
 i - a +0 pair of gloves (worn)
 t - a +0 chain mail (worn)
 u - a +0 helmet (worn)
Scrolls
 j - 2 scrolls of teleportation {!r}
 k - a scroll of enchant weapon {!r, unknown}
 l - a scroll of enchant armour {!r, unknown}
 n - a scroll of magic mapping {!r, unknown}
 p - 2 scrolls of noise {!r, unknown}
 r - 3 scrolls of remove curse {!r}
 s - a scroll of fog {!r}
 v - a scroll of fear {!r}
Potions
 d - 3 potions of magic {!q}
 g - a potion of brilliance {!q}
 q - 2 potions of stabbing {!q}
Comestibles
 f - 6 rations
 m - 7 chunks of flesh


   Skills:
 + Level 2.6 Fighting
 - Level 6.0 Short Blades
 - Level 6.2 Slings
 - Level 2.4 Armour
 - Level 2.4 Shields


You had 7 spell levels left.
You didn't know any spells.
Your spell library was empty.

Dungeon Overview and Level Annotations

Branches:
Dungeon (6/15)
 Temple: D:4-7

Altars:
Hepliaklqana
Nemelex Xobeh
Trog
Xom

Annotations:
D:2 Grinder
D:4 Ijyb


Message History

* * * LOW HITPOINT WARNING * * *
You feel sick.
* * * LOW HITPOINT WARNING * * *
You feel sick.
Found a cloak.
A phantom comes into view.
* * * LOW HITPOINT WARNING * * *
You feel sick.
The phantom moves out of view.
Found a glowing brass wand and a scroll of teleportation.
Found a shimmering altar of Xom.
Found a stone staircase leading up.
* * * LOW HITPOINT WARNING * * *
You feel sick.
You aren't carrying any items that you can evoke.
Unknown command.
Okay, then.
Unknown command.
You aren't carrying any pieces of jewellery.
Unknown command.
Okay, then.
Quiver which item? (- for none, * to show all) (? for menu, Esc to quit)
Quivering
e - 82 stones for slings.
Okay, then.
Unknown command.
Firing (i - inventory. (/) - cycle)
e - 82 stones (quivered)
Press: ? - help, Shift-Dir - straight line, f - phantom
Aim: a phantom You shoot a stone.
The stone hits the phantom.
The stone burns the phantom.
The phantom is lightly damaged.
Firing (i - inventory. (/) - cycle)
e - 81 stones (quivered)
Press: ? - help, Shift-Dir - straight line, f/p - phantom
Aim: a phantom (lightly damaged)
You shoot a stone. The stone closely misses the phantom.
* * * LOW HITPOINT WARNING * * *
You feel sick.
Firing (i - inventory. (/) - cycle)
e - 80 stones (quivered)
Press: ? - help, Shift-Dir - straight line, f/p - phantom
Aim: a phantom (lightly damaged)
You shoot a stone. The stone closely misses the phantom.
* * * LOW HITPOINT WARNING * * *
You feel sick.
The phantom blinks!
Firing (i - inventory. (/) - cycle)
e - 79 stones (quivered)
Press: ? - help, Shift-Dir - straight line, f/p - phantom
Aim: a phantom (lightly damaged)
You shoot a stone. The stone hits the phantom.
The stone burns the phantom.
The phantom is lightly damaged.
* * * LOW HITPOINT WARNING * * *
You feel sick.
Firing (i - inventory. (/) - cycle)
e - 78 stones (quivered)
Press: ? - help, Shift-Dir - straight line, f/p - phantom
Aim: a phantom (lightly damaged)
You shoot a stone. The stone hits the phantom.
The stone burns the phantom.
The phantom is moderately damaged.
* * * LOW HITPOINT WARNING * * *
You feel sick.
* * * LOW HITPOINT WARNING * * *
You feel sick.
You see here 2 poisoned darts.
The phantom blinks!
* * * LOW HITPOINT WARNING * * *
You feel sick.
You see here 2 poisoned darts.
The phantom blinks!
You die...

#### ### ... ..## #.# #..
#.#####.# # #....##.##.# .#
#.#####.##.......##.#
#....<........#####.#
#######@#####.#####.# #.#
#.......# .###
###(#####.......#### b....
#..(§...#...........
......##.###.#.#........#.#
.b...............<((†)..#
.[....##.#.#.#..........#
.#### #.#(#.#..........###
#.(.(...............


There were no monsters in sight!

Vanquished Creatures
  A water moccasin (D:5)
  A sky beast (D:5)
  An ice beast (D:5)
  A centaur (D:6)
  A scorpion (D:6)
  A crimson imp (D:5)
  2 orc priests
  A hound (D:3)
  2 jellies
  3 orc wizards
  3 bullfrog skeletons
  2 iguanas
  3 worker ants
  7 adders
  A shadow imp (D:5)
  An ooze (D:3)
  An adder zombie (D:5)
  3 worms
  2 dart slugs
  3 leopard geckos
  18 orcs
  7 bats
  4 giant cockroaches
  5 goblins
  8 hobgoblins
  4 jackals (D:5)
  13 kobolds
  A quokka (D:3)
  4 ball pythons
  4 frilled lizards
  A jackal skeleton (D:4)
  9 rats
118 creatures vanquished.

Notes
Turn   | Place    | Note
-------+----------+-------------------------------------------
     0 | D:1      | Amnesiac the Deep Elf Fighter began the quest for the Orb.
     0 | D:1      | Reached XP level 1. HP: 13/13 MP: 3/3
   232 | D:1      | Reached XP level 2. HP: 18/18 MP: 4/4
   641 | D:1      | Reached skill level 1 in Slings
   869 | D:2      | Reached XP level 3. HP: 22/22 MP: 5/5
   982 | D:2      | Reached XP level 4. HP: 27/27 MP: 6/6
  1450 | D:2      | Found a sparkling altar of Nemelex Xobeh.
  2002 | D:3      | Found a hazy altar of Hepliaklqana.
  2082 | D:3      | Noticed Grinder
  2082 | D:3      | Paralysed by Grinder for 3 turns
  2392 | D:3      | Found a bloodstained altar of Trog.
  2454 | D:3      | Reached XP level 5. HP: 31/31 MP: 7/7
  3470 | D:3      | Reached XP level 6. HP: 25/36 MP: 8/8
  3780 | D:4      | Noticed Ijyb
  3789 | D:5      | Entered Level 5 of the Dungeon
  4258 | D:5      | Noticed a sky beast
  4284 | D:5      | HP: 1/36 [sky beast (6)]
  4302 | D:5      | Killed a sky beast
  4302 | D:5      | Reached skill level 5 in Short Blades
  4302 | D:5      | Reached XP level 7. HP: 24/40 MP: 9/9
  4484 | D:5      | Reached skill level 5 in Slings
  4844 | D:5      | HP: 2/40 [poisoned by a water moccasin]
  4850 | D:5      | HP: 1/40 [poisoned by a water moccasin]
  5815 | D:6      | Reached XP level 8. HP: 24/45 MP: 10/10
  5878 | D:6      | Found a shimmering altar of Xom.
  5886 | D:6      | HP: 2/45 [poisoned by a worker ant]
  5892 | D:6      | Succumbed to a worker ant's poison

Illustrated notes

Levels and vault maps discovered:
D:1:      dpeg_arrival_rooms_with_view, layout_loops_corners
D:2:      layout_loops_corners, nemelex_xobeh_ov_fountains_minmay,
          minmay_misc_feat_diagonals
D:3:      layout_basic, nicolae_overflow_crystal_walls,
          nicolae_overflow_hidden_temple, first_ration, grunt_ministairs_7,
          minmay_box_of_dots, uniq_grinder
D:4:      layout_layer_cave, uniq_ijyb
D:5:      layout_basic
D:6:      cheibrodos_fertilizer, layout_loops_cross, xom_butterflies,
          minmay_temple_entry_overgrown, gup_sewer_entry_bubbles,
          kennysheep_decorative_pillar, kennysheep_dice, uniq_blork_the_orc,
          uniq_maggie

Skill      XL: |  1  2  3  4  5  6  7  8 |
---------------+-------------------------+-----
Slings         | 1 2 3 4 6 |  6.2
Short Blades   | 3 4 5 6 |  6.0
Fighting       | |  2.6
Armour         | |  2.4
Shields        | |  2.4

Action                   |  1- 3 |  4- 6 |  7- 9 || total
-------------------------+-------+-------+-------++-------
Melee: Rapier            |    17 |       |    16 ||    33
 Fire: Hunting sling     |    44 |   260 |    95 ||   399
Throw: Stone             |     4 |       |       ||     4
       Dart              |       |    19 |    12 ||    31
  Use: Potion            |       |     2 |     3 ||     5
       Scroll            |       |     5 |     5 ||    10
  Eat: Chunk             |       |    10 |     5 ||    15
Armor: Scale mail        |    10 |    19 |       ||    29
       Chain mail        |       |    17 |    29 ||    46
Dodge: Dodged            |     6 |    24 |     4 ||    34
Block: Kite shield       |    14 |    47 |    18 ||    79

Table legend:
 A = Non-vault XP
 B = Vault XP
 C = Vault XP percentage of total XP
 D = Non-vault monster count
 E = Vault monster count
 F = Vault count percentage of total count
                 A         B        C        D         E       F
            +---------+---------+-------+---------+---------+-------
      Total |    1555 |      15 |   1.0 |     110 |       8 |   6.8
            +---------+---------+-------+---------+---------+-------
        D:1 |      31 |       2 |   6.1 |      18 |       2 |  10.0
        D:2 |     122 |       0 |   0.0 |      25 |       0 |   0.0
        D:3 |     236 |      13 |   5.2 |      27 |       6 |  18.2
        D:4 |     137 |       0 |   0.0 |       8 |       0 |   0.0
        D:5 |     766 |       0 |   0.0 |      28 |       0 |   0.0
        D:6 |     263 |       0 |   0.0 |       4 |       0 |   0.0
            +---------+---------+-------+---------+---------+-------
